 Dungeon Sprint DCSS version 0.31-a0-240-gb923e448b6 (webtiles) character file.

Game seed: 14970352694638410783

1230 Conn the Arsonist (level 8, -11/52 HPs)
             Began as an Octopode Fire Elementalist on July 12, 2023.
             Mangled by a hornet (17 damage)
             ... in the Dungeon (Sprint II: "The Violet Keep of Menkaure").
             The game lasted 00:06:28 (275 turns).

Conn the Arsonist (Octopode Fire Elementalist)       Turns: 275, Time: 00:06:28

Health: -11/52     AC:  1    Str:  7    XL:     8   Next: 48%
Magic:  19/22      EV: 14    Int: 20    God:
Gold:   972        SH:  0    Dex: 12    Spells: 17/27 levels left

rFire   . . .        (no weapon)
rCold   . . .        (no shield)
rNeg    . . .        (helmet restricted)
rPois   .            (no amulet)
rElec   .            (no ring)
rCorr   .            (no ring)
SInv    .            (no ring)
Will    .....        (no ring)
Stlth   ++++         (no ring)
HPRegen 0.28/turn    (no ring)
MPRegen 0.18/turn    (no ring)
                     (no ring)

%: no teleportation
@: no status effects
A: almost no armour, amphibious, 8 rings, camouflage 1, gelatinous body 1,
(nimble swimmer 1), tentacles
a: no special abilities


You were in the Dungeon.
You visited 1 branch You collected 972 gold pieces.

Inventory:

Potions
 a - a potion of magic
 b - a potion of curing
 d - a potion of haste


   Skills:
 + Level 3.0 Fighting
 + Level 5.4 Dodging
 + Level 6.7 Stealth
 * Level 10.3 Spellcasting
 * Level 7.5 Conjurations
 + Level 0.9 Hexes
 + Level 10.5 Fire Magic


You had 17 spell levels left.
You knew the following spells:

 Your Spells              Type           Power      Damage    Failure   Level
a - Foxfire               Conj/Fire      100%       2x1d9     1%          1
b - Scorch                Fire           100%       2d9       1%          2
c - Inner Flame           Hex/Fire       33%        N/A       1%          3
d - Flame Wave            Conj/Fire      46%        2d12      1%          4

Your spell library contained the following spells:

 Spells                   Type           Power      Damage    Failure   Level
 Volatile Blastmotes      Fire/Tloc      62%        2d15      2%          3


Dungeon Overview and Level Annotations

Branches:
Dungeon (1/1)

Altars:
Cheibriados
Dithmenos
Elyvilon
Fedhas
Gozag
Hepliaklqana
Kikubaaqudgha
Makhleb
Nemelex Xobeh
Okawaru
Qazlal
Ru
Sif Muna
Trog
Uskayaw
Vehumet
Wu Jian
Xom
Yredelemnul
Zin
The Shining One
Jiyva
Lugonu

Shops:
D [:=:?*([[!!(=::

Annotations:
D exclusion: oklob plant


Innate Abilities, Weirdness & Mutations

You cannot wear most types of armour.
You are amphibious.
You can wear up to eight rings at the same time.
Your skin changes colour to match your surroundings (Stealth+).
Your rubbery body absorbs attacks. (AC +1, EV +1)
((You are camouflaged when in or above water. (Stealth+)))
You have tentacles for arms and can constrict up to eight enemies at once.


Message History

Casting: Flame Wave (dangerous; 1% risk of failure)
Confirm with . or Enter, or press ? or * to list all spells.
Casting: Flame Wave (dangerous; 1% risk of failure)
Press: ? - help, Dir - look around, f - activate A wave of flame ripples out!
The flame wave engulfs the polar bear!
The polar bear is burned terribly!
You kill the polar bear! (Press . to intensify the flame waves.)
The polar bear is engulfed in a cloud of scalding steam. x2
Your Fighting skill increases to level 3!
Your Spellcasting skill increases to level 10!
Unknown command.
Press < or > to pray at altars.
Without enough magic to sustain them, the waves of flame dissipate.
Magic courses through your body. The polar bear bites you!
The polar bear claws you.
* * * LOW HITPOINT WARNING * * *
The polar bear claws you.
* * * LOW HITPOINT WARNING * * *
The polar bear bites you!
* * * LOW HITPOINT WARNING * * *
The polar bear misses you. The polar bear closely misses you.
Blink to where?
Press: ? - help, Dir - move target
As you read the scroll of blinking, it crumbles to dust.
As you read the scroll labelled GESHEFOMI, it crumbles to dust.
The creatures around you are filled with an inner flame!
It was a scroll of immolation.
Casting: Flame Wave (dangerous; 1% risk of failure)
Confirm with . or Enter, or press ? or * to list all spells.
Flames lash the hornet.
Flame seeps out of the hornet.
The hornet is moderately wounded.
The hornet's fire resistance burns away.
The hornet is engulfed in blazing flames.
Flame seeps out of the hornet.
Okay, then.
Casting: Scorch (safe; 1% risk of failure)
Confirm with . or Enter, or press ? or * to list all spells.
You conjure some foxfire!
The hornet stings you!
You die...

... .. .^ . . ##+##.. #.
#.#.##.#### +.### ..#..#
...# #.v.# #÷.÷####..##
#v@# .# ##'###.##..# +.y#
.# ! ##÷##.).#..# #.○# .#
$[ '.<.'.#.'..####^h##.#
$[$
##.##...#....###c..##▓▓▓▓
##'###.##......~~h~~~~~~~
#.#.####~~...§.~#'#######
..#..#~~~~~~~..~#_._._...
##.###~~~~~~~~.~#._._._._


You could see 2 polar bears, a yaktaur (inner flame) and a hornet (inner flame,
combustible, ally target).

Vanquished Creatures
  A merfolk siren (D)
  A polar bear (D)
  Menkaure (D)
  A water moccasin (D)
  4 necrophages (D)
  4 scorpions (D)
  A hell rat (D)
  3 worms (D)
16 creatures vanquished.

Vanquished Creatures (others)
  26 foxfires (D)
26 creatures vanquished.

Grand Total: 42 creatures vanquished

Notes
Turn   | Place    | Note
-------+----------+-------------------------------------------
     0 | D        | Conn the Octopode Fire Elementalist began the quest for the
                  | Orb.
     0 | D        | Reached XP level 1. HP: 11/11 MP: 3/3
     5 | D        | Noticed a necrophage
     5 | D        | Noticed a necrophage
     5 | D        | Noticed a necrophage
     5 | D        | Noticed a necrophage
    12 | D        | Killed a necrophage
    13 | D        | Reached skill level 5 in Fire Magic
    13 | D        | Reached XP level 2. HP: 17/17 MP: 4/7
    13 | D        | Reached XP level 3. HP: 21/21 MP: 4/8
    13 | D        | Reached XP level 4. HP: 27/27 MP: 5/10
    17 | D        | Killed a necrophage
    18 | D        | Reached skill level 5 in Spellcasting
    18 | D        | Reached XP level 5. HP: 31/31 MP: 5/12
    23 | D        | Reached skill level 5 in Stealth
    35 | D        | Reached skill level 5 in Conjurations
    35 | D        | Reached XP level 6. HP: 18/37 MP: 4/15
    61 | D        | Learned a level 2 spell: Scorch
    65 | D        | Learned a level 3 spell: Inner Flame
    70 | D        | Learned a level 4 spell: Flame Wave
    95 | D        | Found Goiwne's Book Emporium.
    95 | D        | Found Viedom's Antique Weapon Shoppe.
    95 | D        | Found Foptonish's Book Shoppe.
    95 | D        | Found Oceakoil's Distillery.
    96 | D        | Found Halex's Jewellery Emporium.
   108 | D        | Found Ufeoth's Antique Armour Shoppe.
   108 | D        | Found Ciwka's Antique Armour Emporium.
   109 | D        | Found Licloef's Antique Weapon Emporium.
   109 | D        | Found Yceu's General Store.
   109 | D        | Found Zakanedi's Magic Scroll Shoppe.
   110 | D        | Found Vimn's Distillery.
   111 | D        | Found Qotocsoi's Book Shoppe.
   111 | D        | Found Qikhah's Jewellery Emporium.
   111 | D        | Noticed Menkaure
   111 | D        | Noticed a fire dragon
   111 | D        | Noticed an oklob plant
   116 | D        | Noticed a death yak
   120 | D        | Killed Menkaure
   121 | D        | Reached skill level 1 in Fighting
   122 | D        | Found Poonloh's Antique Armour Shoppe.
   122 | D        | Found Kuagew's Book Shoppe.
   127 | D        | Noticed a hell hog
   128 | D        | Noticed a hell hog
   184 | D        | Reached XP level 7. HP: 32/43 MP: 2/18
   201 | D        | Reached skill level 5 in Dodging
   231 | D        | Noticed a merfolk siren
   234 | D        | Killed a merfolk siren
   235 | D        | Reached skill level 10 in Fire Magic
   235 | D        | Reached XP level 8. HP: 38/51 MP: 7/21
   256 | D        | Found an iron altar of Okawaru.
   256 | D        | Found an opulent altar of Gozag.
   257 | D        | Found a sparkling altar of Nemelex Xobeh.
   257 | D        | Found a blossoming altar of Fedhas.
   258 | D        | Found a radiant altar of Vehumet.
   258 | D        | Found a burning altar of Makhleb.
   258 | D        | Found a white marble altar of Elyvilon.
   259 | D        | Found a hide-covered altar of Uskayaw.
   259 | D        | Found a corrupted altar of Lugonu.
   259 | D        | Found a shadowy altar of Dithmenos.
   260 | D        | Found a glowing silver altar of Zin.
   260 | D        | Found a bloodstained altar of Trog.
   260 | D        | Found an ancient bone altar of Kikubaaqudgha.
   260 | D        | Found a snail-covered altar of Cheibriados.
   261 | D        | Found a basalt altar of Yredelemnul.
   261 | D        | Found a shimmering blue altar of Sif Muna.
   261 | D        | Found a viscous altar of Jiyva.
   262 | D        | Found a shimmering altar of Xom.
   262 | D        | Found a sacrificial altar of Ru.
   263 | D        | Noticed a polar bear
   264 | D        | Found a glowing golden altar of the Shining One.
   264 | D        | Found an ornate altar of the Wu Jian Council.
   264 | D        | Found a stormy altar of Qazlal.
   264 | D        | Found a hazy altar of Hepliaklqana.
   264 | D        | Noticed a polar bear
   264 | D        | Noticed a hornet
   264 | D        | Noticed a polar bear
   266 | D        | Noticed a yaktaur
   269 | D        | Killed a polar bear
   270 | D        | Reached skill level 10 in Spellcasting
   275 | D        | Mangled by a hornet

Illustrated notes

Levels and vault maps discovered:
D:        the_violet_keep_of_menkaure [sprint2_stairs_cluster_1,
          sprint2_shoproom, sprint2_temple, sprint2_basic_supplies,
          sprint2_obstacle_5, sprint2_obstacle_6, sprint2_obstacle_7,
          sprint2_obstacle_2, sprint2_obstacle_1, sprint2_timed_cluster_1,
          sprint2_smallroom_cluster_1, sprint2_smallroom_final_cluster_1,
          sprint2_transparent_cluster_1, sprint2_second_timed_cluster_1,
          sprint2_sniper_area_1, sprint2_heavy_combat_area_1,
          sprint2_mutation_trap_area_1, sprint2_forest_area_1,
          sprint2_light_combat_area_1, sprint2_behind_water_1,
          sprint2_near_end_vault_1]

Skill      XL: |  1  2  3  4  5  6  7  8 |
---------------+-------------------------+-----
Stealth        | 3 4 5 6 |  6.7
Spellcasting   | 4 5 6 7 9 10 | 10.3
Conjurations   | 3 4 5 6 7 |  7.5
Fire Magic     | 5 6 7 9 10 | 10.5
Dodging        | 3 4 5 |  5.4
Fighting       | 1 2 3 |  3.0
Hexes          | |  0.9

Action                     |  1- 3 |  4- 6 |  7- 9 || total
---------------------------+-------+-------+-------++-------
  Melee: Unarmed           |     6 |    21 |     3 ||    30
         Constrict         |     1 |     4 |     2 ||     7
         Tentacles         |       |     6 |       ||     6
   Cast: Foxfire           |       |    14 |     5 ||    19
         Scorch            |       |     7 |     4 ||    11
         Flame Wave        |       |       |     3 ||     3
         Inner Flame       |       |       |     2 ||     2
    Use: Potion            |     1 |     1 |     2 ||     4
         Scroll            |       |       |     2 ||     2
 Armour: Skin              |       |       |     1 ||     1
  Dodge: Dodged            |     3 |     8 |    14 ||    25

Table legend: (Time is in decaauts)
 A = Elapsed time spent in this place.
 B = Non-inter-level travel time spent in this place.
 C = Inter-level travel time spent in this place.
 D = Time resting spent in this place.
 E = Time spent auto-exploring this place.
 F = Levels seen in this place.
 G = Mean time per level.
                   A        B        C        D        E       F      G
               +--------+--------+--------+--------+--------+-----+--------+
         Total |    280 |    280 |      0 |     11 |      0 |   1 |  280.0 |
       Dungeon |    280 |    280 |      0 |     11 |      0 |   1 |  280.0 |
               +--------+--------+--------+--------+--------+-----+--------+

Top non-repeatable levels by time:
       D: 280 daAuts
